 Dungeon Crawl Stone Soup version 0.20.0 (webtiles) character file.

123403 Danakh the Cleaver (level 16, -1/137 HPs)
             Began as a Demonspawn Fighter on May 29, 2017.
             Was the Champion of Dithmenos.
             Slain by Raine357's ghost (5 damage)
             ... on level 2 of the Shoals.
             The game lasted 02:10:46 (23354 turns).

Danakh the Cleaver (Demonspawn Fighter)            Turns: 23354, Time: 02:10:47

Health: -1/137     AC: 14    Str: 24 (26) XL:     16   Next: 36%
Magic:  0/31       EV: 24    Int: 10 (13) God:    Dithmenos [******]
Gold:   1294       SH: 11    Dex: 28      Spells: 14/22 levels left

rFire    + . .     SeeInvis .   R - +0 demon trident (vamp)
rCold    + . .     Gourm    .   c - +3 buckler "Ririr" {+Inv Int+3}
rNeg     . . .     Faith    .   E - +4 troll leather armour
rPois    .         Spirit   +   (helmet unavailable)
rElec    .         Reflect  .   Z - +0 cloak
rCorr    .         Harm     .   r - +0 pair of gloves
MR       +....                  j - +0 pair of boots
Stlth    ++++++++++             K - amulet of regeneration
Regen    1.2/turn               s - ring "Sozauf" {rC+ MP+9 EV-3 Str+4}
MPRegen  0.5/turn               U - +3 ring of dexterity

@: agile, wreathed by umbra
A: horns 3, thin skeletal structure 3, clumsy 1, demonic guardian 2,
deterioration 1, fire resistance 1, mutation resistance 1, robust 1, screaming
1, strong 1, magic shield, magic regeneration
a: Shadow Step, Shadow Form, Renounce Religion, Evoke Invisibility


You were on level 2 of the Shoals.
You worshipped Dithmenos.
Dithmenos was exalted by your worship.
You were not hungry.

You visited 5 branches of the dungeon, and saw 26 of its levels.
You also visited: Labyrinth, Ossuary and Ice Cave.

You collected 2679 gold pieces.
You spent 1385 gold pieces at shops.

Inventory:

Hand Weapons
 q - a +4 flail
 R - a +0 vampiric demon trident (weapon)
Armour
 c - the +3 buckler "Ririr" (worn) {+Inv Int+3}
   (You found it on level 2 of the Lair of Beasts)

   It affects your intelligence (+3).
   It lets you turn invisible.
 j - a +0 pair of boots (worn)
 r - a +0 pair of gloves (worn)
 E - a +4 troll leather armour (worn)
 Z - a +0 cloak (worn)
Jewellery
 h - an uncursed ring of protection from fire
 s - the ring "Sozauf" (left hand) {rC+ MP+9 EV-3 Str+4}
   (You found it on level 6 of the Lair of Beasts)

   [ring of evasion]

   It affects your evasion (-3).
   It affects your strength (+4).
   It protects you from cold.
   It affects your magic capacity (+9).
 D - an uncursed ring of see invisible
 K - an amulet of regeneration (around neck)
 U - a +3 ring of dexterity (right hand)
Wands
 b - a wand of paralysis (13/24)
 A - a wand of lightning (3/15)
 C - a wand of scattershot (1/9)
 I - a wand of disintegration (8/24)
 L - a wand of confusion (34/48)
 P - a wand of enslavement (14/24)
 S - a wand of lightning (5/15)
 W - a wand of confusion (24/48)
 Y - a wand of digging (9/24)
Scrolls
 e - 7 scrolls of identify
 l - 12 scrolls of teleportation
 m - 4 scrolls of fog
 t - 19 scrolls of remove curse
 y - 13 scrolls of magic mapping
 B - 4 scrolls of recharging
 G - 5 scrolls of enchant weapon
 N - 2 scrolls of summoning
 O - 2 scrolls of silence
 Q - 4 scrolls of fear
 V - a scroll of vulnerability
 X - 2 scrolls of blinking
Potions
 d - a potion of might
 g - a potion of resistance
 i - 7 potions of curing
 k - 9 potions of brilliance
 n - 5 potions of berserk rage
 o - 9 potions of flight
 u - 2 potions of cancellation
 v - a potion of magic
 w - 3 potions of invisibility
 F - a potion of agility
 J - 4 potions of heal wounds
 M - 3 potions of haste
 T - 4 potions of mutation
Comestibles
 f - 11 bread rations
 x - 10 meat rations
 H - 18 royal jellies


   Skills:
 + Level 11.1 Fighting
   Level 12.9(13.2) Axes
 + Level 4.8(9.8) Maces & Flails
 * Level 1.2(8.6) Polearms
 + Level 10.6 Armour
 + Level 9.4 Dodging
 + Level 10.2 Stealth
 + Level 10.1 Shields
 + Level 3.5 Spellcasting
 + Level 3.7 Conjurations
 + Level 4.0 Poison Magic
 * Level 6.7 Invocations
 + Level 8.2 Evocations


You had 14 spell levels left.
You knew the following spells:

 Your Spells              Type           Power        Failure   Level  Hunger
a - Magic Dart            Conj           #...         6%          1    #......
b - Blink                 Tloc           N/A          41%         2    ###....
c - Mephitic Cloud        Conj/Pois/Air  #.......     30%         3    ###....
d - Call Imp              Summ           #.......     41%         2    ###....


Dungeon Overview and Level Annotations

Branches:
Dungeon (15/15)            Temple (0/1) D:6            Lair (6/6) D:10
 Shoals (2/4) Lair:3       Spider (0/4) Lair:3        Slime (0/5) Lair:6
    Orc (2/2) D:12            Elf (0/3) Orc:2        Vaults (0/5) D:14
 Depths (1/5) D:15

Altars:
Ashenzari
Cheibriados
Dithmenos
Hepliaklqana
Kikubaaqudgha
Sif Muna
Trog
Xom
Zin
The Shining One
Beogh
Jiyva

Shops:
Orc:2 }*!?

Annotations:
Shoals:2 Raine357's ghost, adept TrCK


Innate Abilities, Weirdness & Mutations

You have a pair of large horns on your head.
You have an unnaturally thin skeletal structure. (Dex +6, Stealth++)
A demonic guardian rushes to your aid.
Your flesh is heat resistant. (rF+)
When hurt, damage is shared between your health and your magic reserves.
You regenerate magic rapidly.
You are clumsy. (Dex -2)
Your body sometimes deteriorates upon taking damage.
You are somewhat resistant to further mutation.
You are robust. (+10% HP)
You occasionally shout uncontrollably at your foes.
Your muscles are strong. (Str +2)


Message History

You puncture Raine357's ghost!
Raine357's ghost is heavily damaged.
Raine357's ghost hits you!!
* * * LOW HITPOINT WARNING * * *
Your ice devil closely misses Raine357's ghost.
You hit Raine357's ghost but do no damage.
Raine357's ghost is heavily damaged.
Your soul eater disappears in a puff of smoke!
You barely miss Raine357's ghost. Your headbutt misses Raine357's ghost.
Raine357's ghost is heavily damaged.
Your ice devil splashes around in the water.
Raine357's ghost closely misses you.
You hit Raine357's ghost but do no damage.
Raine357's ghost is heavily damaged.
Your ice devil disappears in a puff of smoke!
Raine357's ghost hits you!!!
* * * LOW HITPOINT WARNING * * *
Raine357's ghost giggles, "Hey deadhead, what fun to see your head drop dead!"
Raine357's ghost hits you.
You die...

≈≈≈≈≈≈≈≈≈≈≈≈≈≈≈≈≈...# #..≈
≈≈≈≈≈≈≈≈≈≈≈≈≈≈≈≈..≈.### #..≈
≈≈≈≈≈≈≈≈≈≈≈≈≈≈≈..#....## #..≈
≈?≈≈≈§≈≈≈≈≈≈...(##...P.# #..≈
..≈≈P§≈≈≈≈≈≈....((..≈P.####..≈
≈≈PPP≈≈≈(≈≈≈.(.((..P≈....PP.≈≈
≈≈PP§§≈≈≈≈(≈...≈.≈≈≈≈PP.PPP.≈≈
≈≈≈≈≈≈≈≈≈≈≈((.(((≈≈≈≈P≈..#P.≈P
≈≈≈≈§≈≈≈≈≈≈((@W≈(((≈≈PP.##P.≈≈
≈≈≈≈§≈≈≈PP≈P§§§≈>#P.PPP..P.≈≈≈
≈≈≈≈≈≈≈≈≈PPPP(§(##PP≈≈≈≈≈P≈≈≈≈
≈≈≈≈≈≈≈≈≈≈≈P≈PP().>PP≈≈≈≈≈P≈≈≈
≈≈≈≈≈≈≈≈≈PP≈≈PP≈≈≈≈P.≈≈≈≈≈≈≈≈
≈≈≈≈≈≈≈≈≈PPP≈≈≈≈≈≈.≈≈P≈P≈≈≈≈
≈≈≈≈≈≈≈≈≈≈≈≈≈≈≈≈≈≈≈≈
≈≈≈≈≈≈≈≈≈≈≈≈≈≈≈≈≈≈≈≈
≈≈≈≈≈≈≈≈≈≈≈≈≈≈≈≈≈≈


You could see Raine357's ghost.

Vanquished Creatures
  Nessos (Orc:2)
  Azrael (D:15)
  3 dire elephants (Lair:6)
  A merfolk javelineer (Shoals:1)
  2 fire dragons
  An ettin (D:15)
  A minotaur (Lab)
  2 merfolk impalers (Shoals:1)
  Josephine (D:12)
  3 vault guards (D:14)
  2 hydras
  4 centaur warriors
  A satyr (Shoals:2)
  An anaconda (Lair:6)
  3 ogre magi
  2 tengu warriors (D:15)
  14 two-headed ogres
  Urug (D:15)
  8 death yaks
  An orc high priest (Orc:2)
  Sonja (Orc:2)
  2 skeletal warriors (D:13)
  2 unseen horrors
  A deep troll (D:15)
  3 sea snakes
  3 orc knights
  A necromancer (IceCv)
  3 orc sorcerers
  4 fauns (Shoals:2)
  13 ugly things
  3 slime creatures (D:13)
  4 manticores
  2 merfolk sirens (Shoals:1)
  5 cyclopes
  3 elephants (Lair:6)
  4 centaur zombies
  7 black mambas
  2 ice statues (IceCv)
  A water nymph (Shoals:1)
  4 gargoyles
  A torpor snail (Lair:5)
  12 spiny frogs
  6 kobold demonologists
  An efreet (D:14)
  A rime drake (Lair:4)
  8 komodo dragons
  8 ice devils (IceCv)
  A freezing wraith (D:15)
  3 jumping spiders (Lair:3)
  A tengu conjurer (D:14)
  5 merfolk (Shoals:1)
  A polar bear (shapeshifter) (D:14)
  4 trolls
  A wind drake (Shoals:2)
  A hornet (D:14)
  12 hippogriffs
  17 blink frogs
  A snapping turtle (Shoals:2)
  9 redbacks
  4 wraiths
  33 yaks
  4 wyverns
  A water elemental (Shoals:1)
  Eustachio (D:5)
  4 basilisks
  A fire elemental (D:15)
  7 vampire mosquitoes
  4 hungry ghosts
  A warg (Orc:2)
  4 hell hounds (D:15)
  15 water moccasins
  6 porcupines
  A meliai simulacrum (D:15)
  32 orc warriors
  2 sky beasts
  3 black bears
  4 ice beasts
  A phantom (D:4)
  25 ogres
  11 crocodiles
  12 centaurs
  A big kobold (D:15)
  An elf zombie (Ossuary)
  20 bullfrogs
  A gnoll sergeant (D:6)
  A wyvern skeleton (D:9)
  Dowan (D:7)
  12 killer bees
  A howler monkey (D:8)
  12 wights
  An electric eel (Lair:3)
  8 crimson imps
  3 bullfrog zombies
  2 draconian simulacra (IceCv)
  21 orc priests
  A human zombie (Ossuary)
  5 hounds
  3 bullfrog skeletons
  5 jellies
  An iron imp (D:8)
  7 centaur skeletons
  5 iguanas
  23 orc wizards
  6 worker ants
  4 troll simulacra (IceCv)
  A centaur simulacrum (IceCv)
  A hound zombie (D:5)
  A hound skeleton (D:11)
  3 mummies (Ossuary)
  A howler monkey skeleton (D:6)
  A worker ant zombie (D:8)
  5 gnolls
  3 ogre simulacra (IceCv)
  9 adders
  A shadow imp (D:14)
  12 white imps (D:13)
  2 adder zombies
  8 oozes
  2 worms
  A dart slug (D:1)
  7 leopard geckos
  90 orcs
  8 bats
  4 giant cockroaches
  5 goblins
  10 hobgoblins
  4 jackals (D:4)
  3 quokkas
  A ball python (D:3)
  6 frilled lizards
  2 goblin zombies (Ossuary)
  3 hobgoblin zombies (Ossuary)
  13 kobolds
  4 kobold zombies (Ossuary)
  A quokka skeleton (D:4)
  8 rats
  A butterfly (D:6)
  4 fungi
  8 plants
768 creatures vanquished.

Vanquished Creatures (collateral kills)
  A dire elephant (Lair:6)
  2 ogre magi (Orc:2)
  4 hydras
  A vault guard (D:14)
  A merfolk avatar (Shoals:2)
  A catoblepas (D:14)
  13 two-headed ogres
  2 death yaks (Lair:6)
  A skeletal warrior (D:13)
  3 orc knights
  2 orc sorcerers
  A slime creature (D:13)
  2 manticores
  2 fauns (Shoals:2)
  5 elephants (Lair:6)
  Maurice (D:10)
  2 merfolk sirens (Shoals:2)
  A centaur zombie (D:14)
  2 centaur skeletons
  2 spiny frogs (Lair:6)
  A kobold demonologist (D:12)
  A komodo dragon (Lair:6)
  A troll (Orc:1)
  7 blink frogs
  A raiju (shapeshifter) (D:14)
  3 hippogriffs
  A centaur simulacrum (D:14)
  4 wraiths (D:12)
  A vampire (D:12)
  A hog (shapeshifter) (D:15)
  14 yaks
  A basilisk (D:10)
  2 hungry ghosts
  A warg (Orc:2)
  Duvessa (D:7)
  An acid dragon (D:10)
  A hell hound (D:15)
  2 water moccasins
  A porcupine (Lair:3)
  7 orc warriors
  A phantom (D:5)
  A necrophage (D:7)
  10 ogres
  A crocodile (D:12)
  A gnoll sergeant (D:8)
  A bullfrog (Lair:1)
  A wyvern skeleton (D:11)
  A jelly (D:6)
  6 orc wizards
  4 orc priests
  A worker ant (D:6)
  Ijyb (D:5)
  A killer bee zombie (D:7)
  3 gnolls
  A shadow imp (D:15)
  A leopard gecko (D:7)
  12 orcs
  A fungus (Lair:6)
149 creatures vanquished.

Vanquished Creatures (others)
  A fire giant (Depths:1)
  A wolf spider simulacrum (D:15)
  A fire elemental (D:15)
  2 fungi (Lair:6)
  6 plants
11 creatures vanquished.

Grand Total: 928 creatures vanquished

Notes
Turn   | Place    | Note
-------+----------+-------------------------------------------
     0 | D:1      | Danakh the Demonspawn Fighter began the quest for the Orb.
     0 | D:1      | Reached XP level 1. HP: 18/18 MP: 1/1
    80 | D:1      | Reached skill level 2 in Axes
    97 | D:1      | Gained mutation: You have a pair of small horns on your head. [demonic ancestry]
    97 | D:1      | Reached XP level 2. HP: 20/24 MP: 2/2
   877 | D:2      | Gained mutation: You have a pair of horns on your head. [demonic ancestry]
   877 | D:2      | Reached XP level 3. HP: 26/29 MP: 3/3
  1263 | D:2      | Gained mutation: When hurt, damage is shared between your health and your magic reserves. [demonic ancestry]
  1263 | D:2      | Reached XP level 4. HP: 25/35 MP: 4/4
  2046 | D:3      | Reached skill level 3 in Axes
  2289 | D:4      | Gained mutation: A weak demonic guardian rushes to your aid. [demonic ancestry]
  2289 | D:4      | Reached XP level 5. HP: 27/42 MP: 2/5
  2501 | D:4      | Noticed a phantom
  2523 | D:4      | Killed a phantom
  2523 | D:4      | Gained mutation: You have a somewhat thin skeletal structure. (Dex +2, Stealth) [demonic ancestry]
  2523 | D:4      | Reached XP level 6. HP: 43/48 MP: 4/6
  2917 | D:5      | Entered Level 5 of the Dungeon
  2924 | D:5      | Reached skill level 4 in Axes
  2964 | D:5      | Noticed Eustachio
  2983 | D:5      | Killed Eustachio
  2983 | D:5      | Reached XP level 7. HP: 25/54 MP: 4/7
  3306 | D:5      | Noticed a hippogriff
  3312 | D:5      | Killed a hippogriff
  3312 | D:5      | Reached skill level 5 in Axes
  3361 | D:5      | Found a shadowy altar of Dithmenos.
  3373 | D:5      | Became a worshipper of Dithmenos the Shadowed
  3395 | D:5      | Noticed Ijyb
  3402 | D:5      | Killed Ijyb
  3594 | D:6      | Gained mutation: A demonic guardian rushes to your aid. [demonic ancestry]
  3594 | D:6      | Reached XP level 8. HP: 16/61 MP: 2/8
  3665 | D:6      | Reached * piety under Dithmenos
  3665 | D:6      | Reached skill level 5 in Fighting
  3665 | D:6      | Reached skill level 1 in Stealth
  3860 | D:6      | Reached skill level 5 in Shields
  3911 | D:6      | Found a glowing silver altar of Zin.
  4007 | D:6      | Reached skill level 1 in Dodging
  4019 | D:6      | Found a bloodstained altar of Trog.
  4129 | D:6      | Noticed a hippogriff
  4134 | D:6      | Killed a hippogriff
  4202 | D:6      | Reached skill level 6 in Axes
  4413 | D:6      | Found a staircase to the Ecumenical Temple.
  4458 | D:6      | Reached skill level 5 in Armour
  4813 | D:7      | Noticed Duvessa
  4813 | D:7      | Noticed Dowan
  4818 | D:7      | Killed Dowan
  4824 | D:7      | Killed Duvessa
  5058 | D:7      | Found a hazy altar of Hepliaklqana.
  5091 | D:7      | Gained mutation: You have a moderately thin skeletal structure. (Dex +4, Stealth+) [demonic ancestry]
  5091 | D:7      | Reached XP level 9. HP: 61/69 MP: 9/9
  5095 | D:7      | Reached ** piety under Dithmenos
  5188 | D:7      | Found a sand-covered staircase.
  5197 | Ossuary  | Entered an ossuary
  5748 | D:7      | Reached skill level 7 in Axes
  6170 | D:8      | Reached *** piety under Dithmenos
  6712 | D:8      | Found a snail-covered altar of Cheibriados.
  6749 | D:8      | Gained mutation: You are somewhat resistant to further mutation. [mutagenic meat]
  6750 | D:8      | Gained mutation: Your body sometimes deteriorates upon taking damage. [mutagenic meat]
  6751 | D:8      | Gained mutation: You are clumsy. (Dex -2) [mutagenic meat]
  7010 | D:9      | Gained mutation: You have a pair of large horns on your head. [demonic ancestry]
  7010 | D:9      | Reached XP level 10. HP: 75/77 MP: 10/10
  7275 | D:9      | Found a shimmering altar of Xom.
  7310 | D:9      | Found a deep blue altar of Sif Muna.
  7375 | D:9      | Found an ancient bone altar of Kikubaaqudgha.
  7414 | D:10     | Entered Level 10 of the Dungeon
  7467 | D:10     | Reached skill level 8 in Axes
  7496 | D:10     | Noticed a two-headed ogre
  7508 | D:10     | Killed a two-headed ogre
  7543 | D:10     | Found a glowing golden altar of the Shining One.
  7805 | D:10     | Noticed a gargoyle
  7806 | D:10     | Found a staircase to the Lair.
  7816 | D:10     | Reached **** piety under Dithmenos
  7820 | D:10     | Killed a gargoyle
  8019 | D:10     | Noticed Maurice
  8022 | D:10     | Found a flagged portal.
  8037 | D:10     | Killed Maurice
  8037 | D:10     | Reached skill level 5 in Stealth
  8250 | D:11     | Noticed a manticore
  8259 | D:11     | Killed a manticore
  8475 | D:11     | Reached skill level 5 in Dodging
  8475 | D:11     | Gained mutation: You have an unnaturally thin skeletal structure. (Dex +6, Stealth++) [demonic ancestry]
  8475 | D:11     | Reached XP level 11. HP: 76/84 MP: 8/11
  8559 | D:11     | Reached skill level 9 in Axes
  9096 | D:11     | Killed an unseen horror
  9188 | D:12     | Reached ***** piety under Dithmenos
  9413 | D:12     | Found a shattered altar of Ashenzari.
  9450 | D:12     | Noticed Josephine
  9481 | D:12     | Killed Josephine
  9689 | D:12     | Reached skill level 1 in Evocations
  9779 | D:12     | Noticed a two-headed ogre
  9789 | D:12     | Killed a two-headed ogre
  9789 | D:12     | Reached skill level 10 in Axes
  9814 | D:12     | Found a staircase to the Orcish Mines.
  9891 | Orc:1    | Entered Level 1 of the Orcish Mines
  9902 | Orc:1    | Noticed an orc sorcerer
  9912 | Orc:1    | Killed an orc sorcerer
 10077 | Orc:1    | Noticed an orc sorcerer
 10085 | Orc:1    | Paralysed by an orc sorcerer for 5 turns
 10087 | Orc:1    | Killed an orc sorcerer
 10087 | Orc:1    | Reached XP level 12. HP: 89/93 MP: 8/13
 10775 | Orc:2    | Entered Level 2 of the Orcish Mines
 10775 | Orc:2    | Noticed Nessos
 10788 | Orc:2    | Killed Nessos
 11164 | Orc:2    | Noticed a two-headed ogre
 11176 | Orc:2    | Killed a two-headed ogre
 11193 | Orc:2    | Noticed a two-headed ogre
 11195 | Orc:2    | Found Narhouq's Magic Scroll Boutique.
 11195 | Orc:2    | Found Qyjaqowa's Assorted Antiques.
 11195 | Orc:2    | Found Wuuge's Distillery.
 11195 | Orc:2    | Found Ygorche's Gadget Shop.
 11195 | Orc:2    | Noticed a two-headed ogre
 11195 | Orc:2    | Noticed a two-headed ogre
 11195 | Orc:2    | Noticed a two-headed ogre
 11195 | Orc:2    | Noticed an ogre mage
 11195 | Orc:2    | Noticed an ogre mage
 11195 | Orc:2    | Noticed a two-headed ogre
 11195 | Orc:2    | Noticed a two-headed ogre
 11196 | Orc:2    | Noticed a two-headed ogre
 11196 | Orc:2    | Noticed a two-headed ogre
 11196 | Orc:2    | Noticed an ogre mage
 11196 | Orc:2    | Noticed a two-headed ogre
 11196 | Orc:2    | Noticed an ogre mage
 11196 | Orc:2    | Noticed a two-headed ogre
 11196 | Orc:2    | Noticed a two-headed ogre
 11196 | Orc:2    | Noticed a two-headed ogre
 11196 | Orc:2    | Noticed a two-headed ogre
 11197 | Orc:2    | Noticed a two-headed ogre
 11205 | Orc:2    | Noticed Sonja
 11233 | Orc:2    | Killed an ogre mage
 11241 | Orc:2    | Killed a two-headed ogre
 11245 | Orc:2    | Killed a two-headed ogre
 11247 | Orc:2    | Killed a two-headed ogre
 11284 | Orc:1    | Killed a two-headed ogre
 11352 | Orc:2    | Killed a two-headed ogre
 11353 | Orc:2    | Killed an ogre mage
 11354 | Orc:2    | Killed a two-headed ogre
 11356 | Orc:1    | Reached skill level 11 in Axes
 11382 | Orc:2    | Killed a two-headed ogre
 11444 | Orc:2    | Killed a two-headed ogre
 11453 | Orc:2    | Killed a two-headed ogre
 11466 | Orc:2    | Killed an ogre mage
 11472 | Orc:2    | Reached ****** piety under Dithmenos
 11472 | Orc:2    | Gained mutation: Your flesh is heat resistant. (rF+) [demonic ancestry]
 11472 | Orc:2    | Reached XP level 13. HP: 100/100 MP: 14/16
 11576 | Orc:2    | Killed Sonja
 11946 | Orc:2    | Found a staircase to the Elven Halls.
 12017 | Orc:2    | Bought 2 potions of flight for 90 gold pieces
 12017 | Orc:2    | Bought a potion of curing for 45 gold pieces
 12017 | Orc:2    | Bought 2 potions of haste for 300 gold pieces
 12017 | Orc:2    | Bought a potion of heal wounds for 75 gold pieces
 12017 | Orc:2    | Bought a potion of magic for 120 gold pieces
 12017 | Orc:2    | Bought a potion of lignification for 45 gold pieces
 12017 | Orc:2    | Bought a potion of haste for 150 gold pieces
 12017 | Orc:2    | Bought a potion of mutation for 120 gold pieces
 12017 | Orc:2    | Bought a potion of agility for 60 gold pieces
 12017 | Orc:2    | Bought a potion of brilliance for 60 gold pieces
 12018 | Orc:2    | Bought a scroll of remove curse for 48 gold pieces
 12018 | Orc:2    | Bought a scroll of recharging for 152 gold pieces
 12018 | Orc:2    | Bought a scroll of immolation for 56 gold pieces
 12018 | Orc:2    | Bought a scroll of noise for 16 gold pieces
 12018 | Orc:2    | Bought a scroll of teleportation for 48 gold pieces
 12215 | Lair:1   | Entered Level 1 of the Lair of Beasts
 12809 | Lair:1   | Reached skill level 5 in Evocations
 13155 | Lair:2   | Got a twisted buckler
 13161 | Lair:2   | Identified the +3 buckler "Ririr" {+Inv Int+3} (You found it on level 2 of the Lair of Beasts)
 13360 | Lair:2   | Identified Sif Muna's Papyrus of Shifting Snow
 14203 | Lair:3   | Found a hole to the Spider Nest.
 14283 | Lair:3   | Identified the Volume of the Goat
 14333 | Lair:3   | Reached skill level 12 in Axes
 14659 | Lair:3   | Found a staircase to the Shoals.
 14818 | Lair:4   | Gained mutation: You regenerate magic rapidly. [demonic ancestry]
 14818 | Lair:4   | Reached XP level 14. HP: 70/109 MP: 9/18
 15761 | Lair:5   | Found a labyrinth entrance.
 15794 | Lab      | Entered a labyrinth
 15854 | Lab      | HP: 5/109 [poisoned by a redback]
 16348 | Lair:5   | Reached skill level 10 in Fighting
 16716 | Lair:6   | Entered Level 6 of the Lair of Beasts
 16964 | Lair:6   | HP: 5/110 [yak (5)]
 17391 | Lair:6   | Found a viscous altar of Jiyva.
 17391 | Lair:6   | Found a staircase to the Slime Pits.
 17925 | Lair:6   | Got a bound turquoise ring
 17927 | Lair:6   | Identified the cursed ring "Sozauf" {rC+ MP+9 EV-3 Str+4} (You found it on level 6 of the Lair of Beasts)
 17934 | Lair:6   | Learned a level 1 spell: Magic Dart
 17937 | Lair:6   | Learned a level 2 spell: Call Imp
 17940 | Lair:6   | Learned a level 2 spell: Blink
 17944 | Lair:6   | Learned a level 3 spell: Mephitic Cloud
 18096 | Lair:5   | Reached skill level 1 in Invocations
 18448 | D:13     | Reached skill level 10 in Armour
 18488 | D:13     | Found a roughly hewn altar of Beogh.
 18515 | D:13     | Reached XP level 15. HP: 38/117 MP: 11/20
 18529 | D:13     | Reached skill level 1 in Maces & Flails
 18632 | D:13     | Found a frozen archway.
 18649 | D:13     | Reached skill level 1 in Spellcasting
 18663 | IceCv    | Entered an ice cave
 18733 | IceCv    | Reached skill level 1 in Poison Magic
 18774 | IceCv    | Reached skill level 1 in Conjurations
 18887 | IceCv    | Got an opal-encrusted leather armour
 18952 | IceCv    | Identified the +3 leather armour "Tulaihe" {+Inv Regen+} (You found it in an ice cave)
 19088 | D:13     | Found a snail-covered altar of Cheibriados.
 19511 | D:14     | Gained mutation: You occasionally shout uncontrollably at your foes. [mutagenic meat]
 19514 | D:14     | Gained mutation: You are robust. (+10% HP) [mutagenic meat]
 20036 | D:14     | Found a gate to the Vaults.
 20228 | D:15     | Entered Level 15 of the Dungeon
 20365 | D:15     | Gained mutation: Your muscles are strong. (Str +2) [mutagenic meat]
 20493 | D:15     | Noticed Urug
 20507 | D:15     | Killed Urug
 20556 | D:15     | Noticed Azrael
 20565 | D:15     | Reached skill level 5 in Invocations
 20799 | D:15     | Reached skill level 10 in Stealth
 20911 | D:15     | Found a glowing golden altar of the Shining One.
 21122 | D:15     | Killed Azrael
 21181 | D:15     | Found a staircase to the Depths.
 21267 | D:15     | Reached skill level 10 in Shields
 21323 | D:15     | Reached XP level 16. HP: 136/136 MP: 22/22
 21840 | Depths:1 | Entered Level 1 of the Depths
 22212 | Shoals:1 | Entered Level 1 of the Shoals
 22908 | Shoals:2 | Reached skill level 1 in Polearms
 23143 | Shoals:2 | Noticed Raine357's ghost (adept TrCK)
 23353 | Shoals:2 | HP: 3/137 [Raine357's ghost (31)]
 23354 | Shoals:2 | Slain by Raine357's ghost

Skill      XL: |  1  2  3  4  5  6  7  8  9 10 11 12 13 14 15 16 |
---------------+-------------------------------------------------+-----
Axes           | 2 3 4 5 6 7 8 10 11 12 | 12.9
Shields        | 3 4 5 6 7 8 9 10 | 10.1
Armour         | 3 4 5 6 7 8 9 10 | 10.6
Fighting       | 4 5 6 7 8 9 10 11 | 11.1
Stealth        | 2 3 5 6 7 8 9 10 | 10.2
Dodging        | 2 3 5 6 7 8 9 |  9.4
Evocations     | 2 4 5 7 8 |  8.2
Invocations    | 1 5 6 |  6.7
Maces & Flails | 4 |  4.8
Spellcasting   | 2 3 |  3.5
Poison Magic   | 3 4 |  4.0
Conjurations   | 3 |  3.7
Polearms       | 1 |  1.2

Action                   |  1- 3 |  4- 6 |  7- 9 | 10-12 | 13-15 | 16-18 || total
-------------------------+-------+-------+-------+-------+-------+-------++-------
Melee: War axe           |   118 |    97 |   424 |   518 |       |       ||  1157
       Headbutt          |    10 |    26 |    98 |   174 |   477 |    73 ||   858
       Broad axe         |       |       |       |    77 |  1312 |   119 ||  1508
       Dagger            |       |       |       |       |     9 |       ||     9
       Flail             |       |       |       |       |     9 |       ||     9
       Demon trident     |       |       |       |       |       |   176 ||   176
Invok: Shadow Step       |       |       |       |     2 |     1 |     3 ||     6
       Shadow Form       |       |       |       |       |     1 |       ||     1
Evoke: Wand              |       |       |       |       |    11 |     1 ||    12
  Use: Scroll            |       |       |       |       |    32 |     3 ||    35
       Potion            |       |       |       |       |     7 |     1 ||     8
 Stab: Distracted        |       |       |     2 |     7 |    18 |     5 ||    32
       Sleeping          |       |       |    13 |    46 |    86 |     9 ||   154
       Invisible         |       |       |       |       |     3 |       ||     3
       Fleeing           |       |       |       |       |       |     1 ||     1
  Eat: Chunk             |     1 |     5 |    17 |    17 |    52 |     4 ||    96
       Royal jelly       |       |       |     1 |       |       |       ||     1
       Fruit             |       |       |       |     4 |     9 |    11 ||    24
Armor: Scale mail        |    59 |    79 |    63 |       |       |       ||   201
       Leather armour    |       |       |    64 |    68 |       |       ||   132
       Troll leather arm |       |       |       |    29 |   200 |    35 ||   264
Dodge: Dodged            |    39 |    40 |   150 |   306 |   872 |   137 ||  1544
Block: Shield            |    78 |    59 |   226 |   342 |    87 |       ||   792
       Buckler           |       |       |       |       |   589 |   112 ||   701
